[Event "8th Mersin Open 2024"]
[Site "Mersin"]
[Date "2024.11.11"]
[Round "3"]
[White "Alim, Mehmet Emir"]
[Black "Ulgez, Selin"]
[Result "0-1"]
[ECO "B26"]
[WhiteElo "1532"]
[BlackElo "1569"]
[Annotator "NA"]
[PlyCount "98"]
[EventDate "2024.11.10"]
[EventType "swiss"]
[EventCountry "TUR"]
[SourceTitle "playchess.com"]
[Source "ChessBase"]
[SourceQuality "1"]
[TimeControl "5400+30"]

1. e4 c5 2. Nc3 g6 3. g3 Bg7 4. Bg2 Nc6 5. d3 d6 6. Nge2 e6 7. O-O Nge7 8. Be3 O-O 9. d4 b6 10. f4 Bb7 11. Qd2 Qc7 12. dxc5 dxc5 13. Nb5 Qd8 14. Qc1 a6 15. Rd1 Qb8 16. Nd6 Rd8 17. e5 Nf5 18. Nxf5 exf5 19. c3 Qc7 20. Qc2 Ne7 21. Rxd8+ Rxd8 22. Rd1 Bxg2 23. Kxg2 Qc6+ 24. Kf2 Rxd1 25. Qxd1 Qd5 26. Qa4 Qh1 27. Qxa6 Qxh2+ 28. Ke1 Qh1+ 29. Kd2 Qd5+ 30. Ke1 Qh1+ 31. Bg1 Qc6 32. a4 Nd5 33. a5 h6 34. axb6 Nxb6 35. b4 Bf8 36. Qa5 Nc4 37. Qd8 cxb4 38. cxb4 Kg7 39. b5 Bb4+ 40. Kf2 Qxb5 41. Qf6+ Kg8 42. e6 Bc5+ 43. Kg2 Qc6+ 44. Kh3 Qh1+ 45. Bh2 Qb7 46. Qd8+ Kg7 47. Qd3 Ne3 48. Qc3+ Kh7 49. Kh4 Be7+ 0-1

[Event "8th Mersin Open 2024"]
[Site "Mersin"]
[Date "2024.11.11"]
[Round "3"]
[White "Ari, Yigitcan"]
[Black "Yuksel, Ali Doruk"]
[Result "1-0"]
[ECO "B22"]
[WhiteElo "1520"]
[BlackElo "1582"]
[Annotator "NA RC"]
[PlyCount "77"]
[EventDate "2024.11.10"]
[EventType "swiss"]
[EventCountry "TUR"]
[SourceTitle "playchess.com"]
[Source "ChessBase"]
[SourceQuality "1"]
[TimeControl "5400+30"]

1. e4 c5 2. c3 d5 3. exd5 Qxd5 4. d4 Nc6 5. Nf3 Nf6 6. Be3 cxd4 7. cxd4 e6 8. Nc3 Qd6 9. Bb5 Be7 10. O-O O-O 11. Qd2 Nb4 12. Bf4 Qd8 13. Rac1 a6 14. Ba4 b5 15. Bb3 Bb7 16. Ne5 Qb6 17. Rfd1 Rac8 18. Bg5 Rfd8 19. a3 Nc6 20. Nxc6 Bxc6 21. Be3 Qb7 22. f3 b4 23. axb4 Bxb4 24. Bc4 Bxf3 25. gxf3 Rxc4 26. Qe2 Rc7 27. Na4 Rcd7 28. Rc4 Qb5 29. Qc2 Nd5 30. Bf2 Bd6 31. Rc8 Nf4 32. Bg3 Ne2+ 33. Kf2 Nxg3 34. hxg3 g6 35. Rxd8+ Rxd8 36. Nc3 Qc4 37. Qe4 Bb4 38. Ne2 Qb3 39. Rh1 1-0

[Event "8th Mersin Open 2024"]
[Site "Mersin"]
[Date "2024.11.12"]
[Round "4"]
[White "Lobanov, Sergei"]
[Black "Jinan Jomon"]
[Result "1-0"]
[ECO "E49"]
[WhiteElo "2503"]
[BlackElo "2342"]
[Annotator "TA"]
[PlyCount "67"]
[EventDate "2024.11.10"]
[EventType "swiss"]
[EventCountry "TUR"]
[SourceTitle "playchess.com"]
[Source "ChessBase"]
[SourceQuality "1"]
[TimeControl "5400+30"]

1. d4 Nf6 2. c4 e6 3. Nc3 Bb4 4. e3 O-O 5. Bd3 d5 6. a3 Bxc3+ 7. bxc3 dxc4 8. Bxc4 c5 9. Ne2 Qc7 10. Ba2 b6 11. O-O Bb7 12. Ng3 Nbd7 {[%emt 0:02:30] The position is equal.} 13. Re1 e5 14. d5 Ne8 15. e4 {[%emt 0:00:30] White is more active.} Ndf6 16. c4 Nd6 17. Bb2 Qe7 18. Bb3 Nd7 19. Qd3 f6 20. Re3 Kf7 (20... g6 $16 21. h4 h5) 21. Rf1 (21. Nf5 $18 Nxf5 22. exf5) 21... Ke8 (21... g6 $16 {was worth a try.} 22. a4 Kg8) 22. Nf5 $18 Nxf5 23. exf5 {[%emt 0:00:30] Threatens to win with f4.} Qd6 {[%emt 0:06:30] Black is weak on the light squares} 24. f4 Kf7 $2 {[%emt 0:01:30] [#]} (24... Rf7 25. Ba4 Kf8) 25. Ba4 Kg8 26. Bxd7 Qxd7 (26... e4 $142) 27. fxe5 fxe5 28. Rxe5 {[%emt 0:00:00][%cal Of5f6] And now f6! would win.} Rad8 {[%emt 0:06:09] [#]} 29. f6 $1 Rf7 {[%emt 0:05:39] Prevents Re7} 30. fxg7 {[%emt 0:01:30] Strongly threatening Rxf7.} b5 31. Ref5 Rxf5 32. Rxf5 Qe7 33. Bf6 (33. d6 $142 Qe1+ 34. Rf1) 33... bxc4 34. Bxe7 {[%emt 0:00:28] White took control after the opening.   Weighted Error Value: White=0.40/Black=0.93.  Mistake:       	White=1     	Black=4      Inaccurate:     	White=1     	Black=4      OK:         	White=4     	Black=4      Best:        	White=2     	---        Brilliant:      	White=1     	---} 1-0

[Event "8th Mersin Open 2024"]
[Site "Mersin"]
[Date "2024.11.12"]
[Round "4"]
[White "Ikonnikov, Vyacheslav"]
[Black "Odeev, Handszar"]
[Result "1/2-1/2"]
[ECO "A16"]
[WhiteElo "2465"]
[BlackElo "2264"]
[Annotator "RC"]
[PlyCount "76"]
[EventDate "2024.11.10"]
[EventType "swiss"]
[EventCountry "TUR"]
[SourceTitle "playchess.com"]
[Source "ChessBase"]
[SourceQuality "1"]
[TimeControl "5400+30"]

1. Nf3 Nf6 2. c4 g6 3. Nc3 d5 4. cxd5 Nxd5 5. h4 h6 6. e4 Nxc3 7. bxc3 Bg7 8. d4 c5 9. Bb5+ Nc6 10. d5 Qa5 11. Rb1 a6 12. Ba4 b5 13. dxc6 bxa4 14. Bd2 Be6 15. c4 Qc7 16. Qxa4 Rc8 17. Ke2 O-O 18. Rhc1 Qxc6 19. Qxc6 Rxc6 20. Rb7 Re8 21. a4 Bg4 22. Bc3 Re6 23. Bxg7 Kxg7 24. Ke3 Bf5 25. e5 Bg4 26. Kf4 Bxf3 27. gxf3 Rd8 28. Re1 Rd2 29. Rc7 Ra2 30. Rxc5 Rxa4 31. Rc7 Ra2 32. Kg3 Rc2 33. f4 Rc3+ 34. f3 f6 35. c5 a5 36. Re4 Rc2 37. Kh3 Kf7 38. Kg3 h5 1/2-1/2

[Event "8th Mersin Open 2024"]
[Site "Mersin"]
[Date "2024.11.12"]
[Round "4"]
[White "Annaberdiyev, Meylis"]
[Black "Bernadskiy, Vitaliy"]
[Result "1/2-1/2"]
[ECO "C02"]
[WhiteElo "2443"]
[BlackElo "2543"]
[Annotator "TA"]
[PlyCount "35"]
[EventDate "2024.11.10"]
[EventType "swiss"]
[EventCountry "TUR"]
[SourceTitle "playchess.com"]
[Source "ChessBase"]
[SourceQuality "1"]
[TimeControl "5400+30"]

1. e4 e6 2. d4 d5 3. e5 c5 4. Nf3 Nc6 5. Bd3 cxd4 6. O-O Nge7 7. Nbd2 Ng6 8. Re1 Bb4 9. a3 Ba5 10. b4 Bc7 11. Bxg6 hxg6 12. b5 Ne7 13. Nb3 Nf5 14. Nbxd4 Bb6 {[%emt 0:00:30] ...Nxd4 is the strong threat.} 15. Bg5 Qc7 16. Nb3 Bd7 17. a4 a5 (17... Qc4 $15) 18. g4 {[%emt 0:03:30] Weighted Error Value: White=0.05 (flawless) /Black=0.11 (very precise) .  Mistake:       	White=1     	Black=1      Inaccurate:     	White=1     	---        OK:         	White=6     	Black=6      Best:        	White=2     	---} (18. Qe2 $11) 1/2-1/2

[Event "8th Mersin Open 2024"]
[Site "Mersin"]
[Date "2024.11.12"]
[Round "4"]
[White "Yermolinsky, Alex"]
[Black "Kazimova, Narmin"]
[Result "1-0"]
[ECO "E56"]
[WhiteElo "2417"]
[BlackElo "2155"]
[Annotator "RC"]
[PlyCount "69"]
[EventDate "2024.11.10"]
[EventType "swiss"]
[EventCountry "TUR"]
[SourceTitle "playchess.com"]
[Source "ChessBase"]
[SourceQuality "1"]
[TimeControl "5400+30"]

1. Nf3 Nf6 2. c4 e6 3. Nc3 d5 4. d4 Bb4 5. e3 O-O 6. Bd3 dxc4 7. Bxc4 c5 8. O-O Nc6 9. a3 Ba5 10. Bd3 Qe7 11. Ne4 Nxe4 12. Bxe4 f5 13. Bxc6 bxc6 14. Bd2 Bxd2 15. Qxd2 cxd4 16. exd4 c5 17. dxc5 Qxc5 18. Rac1 Qb6 19. Qd4 Bb7 20. Qxb6 axb6 21. Ne5 Rfc8 22. f3 b5 23. Kf2 Bd5 24. Rfd1 Bb3 25. Rxc8+ Rxc8 26. Rd3 Bd5 27. Rc3 Rd8 28. h4 f4 29. Rc5 Bc4 30. Ke1 Rb8 31. a4 g6 32. b3 Bxb3 33. Rxb5 Rxb5 34. axb5 Kg7 35. Nd3 1-0

[Event "8th Mersin Open 2024"]
[Site "Mersin"]
[Date "2024.11.12"]
[Round "4"]
[White "Cheng, Bindi"]
[Black "Pourramezan chafjiri, Parsa"]
[Result "0-1"]
[ECO "D00"]
[WhiteElo "2368"]
[BlackElo "2081"]
[Annotator "RC"]
[PlyCount "35"]
[EventDate "2024.11.10"]
[EventType "swiss"]
[EventCountry "TUR"]
[SourceTitle "playchess.com"]
[Source "ChessBase"]
[SourceQuality "1"]
[TimeControl "5400+30"]

1. d4 Nf6 2. Bg5 d5 3. e3 e6 4. Nd2 Be7 5. Bd3 O-O 6. c3 c5 7. f4 h6 8. h4 cxd4 9. exd4 b5 10. Bxf6 Bxf6 11. Ngf3 b4 12. Ng5 bxc3 13. bxc3 Qc7 14. Qf3 g6 15. Nge4 Bg7 16. h5 Nd7 17. hxg6 fxg6 18. Qg3 0-1

[Event "8th Mersin Open 2024"]
[Site "Mersin"]
[Date "2024.11.12"]
[Round "4"]
[White "Bicer, Atakan Mert"]
[Black "Shafei, Hamid"]
[Result "1-0"]
[ECO "C74"]
[WhiteElo "2342"]
[BlackElo "2018"]
[Annotator "RC"]
[PlyCount "51"]
[EventDate "2024.11.10"]
[EventType "swiss"]
[EventCountry "TUR"]
[SourceTitle "playchess.com"]
[Source "ChessBase"]
[SourceQuality "1"]
[TimeControl "5400+30"]

1. e4 e5 2. Nf3 Nc6 3. Bb5 a6 4. Ba4 d6 5. c3 f5 6. exf5 Bxf5 7. O-O Bd3 8. Re1 Be7 9. Re3 e4 10. Na3 Nh6 11. Ne1 Bg5 12. Rh3 b5 13. Nxd3 exd3 14. Nxb5 O-O 15. Nd4 Nxd4 16. cxd4 Qf6 17. Qf1 Ng4 18. Bc6 Qxd4 19. Rxd3 Qe5 20. Rg3 Rxf2 21. Qd1 Raf8 22. Rxg4 Qc5 23. d4 Qxc6 24. Qb3+ Kh8 25. Bxg5 Qd7 26. Rf4 1-0

[Event "8th Mersin Open 2024"]
[Site "Mersin"]
[Date "2024.11.12"]
[Round "4"]
[White "Aliyev, Ravan"]
[Black "Abbasi Abeluie, Mohammad Mehdi"]
[Result "1/2-1/2"]
[ECO "A29"]
[WhiteElo "2338"]
[BlackElo "2218"]
[Annotator "RC"]
[PlyCount "157"]
[EventDate "2024.11.10"]
[EventType "swiss"]
[EventCountry "TUR"]
[SourceTitle "playchess.com"]
[Source "ChessBase"]
[SourceQuality "1"]
[TimeControl "5400+30"]

1. c4 e5 2. Nc3 Nf6 3. Nf3 Nc6 4. g3 d5 5. cxd5 Nxd5 6. Bg2 Nb6 7. O-O Be7 8. a3 O-O 9. b4 a6 10. d3 Be6 11. Bb2 f6 12. Rc1 Qd7 13. Ne4 Bd5 14. Qc2 Rfd8 15. Rfd1 Qe6 16. Ned2 Qf7 17. e3 Rac8 18. Bh3 Be6 19. Bxe6 Qxe6 20. d4 exd4 21. Nxd4 Nxd4 22. Bxd4 Nd7 23. Qb3 Qxb3 24. Nxb3 b6 25. Rd2 a5 26. bxa5 Bxa3 27. Bb2 Bxb2 28. Rxb2 bxa5 29. Nxa5 Ne5 30. Rbc2 Rd7 31. Nc6 Nxc6 32. Rxc6 Kf7 33. g4 Ke7 34. h4 Kd8 35. Kg2 Rb8 36. R1c2 Rb5 37. h5 h6 38. e4 Rb3 39. R6c4 Rbd3 40. Rc5 R3d6 41. Kg3 Re6 42. Kf4 Rde7 43. f3 Re5 44. R5c3 Kc8 45. Rc4 Rg5 46. R2c3 Rge5 47. Ra3 Rb5 48. Rac3 Rbe5 49. Rd3 Rb5 50. Ra3 Kb7 51. Rac3 Rbe5 52. Rb4+ Kc8 53. Ra4 Rb5 54. Kg3 Kb7 55. Rac4 Kc8 56. Kf2 Kb7 57. Ke3 Kc8 58. Rc5 Rxc5 59. Rxc5 Re5 60. Rc3 Ra5 61. Rb3 Re5 62. Ra3 Kb7 63. Kd4 Rb5 64. Rc3 Kb6 65. f4 c6 66. Rc4 Kc7 67. e5 fxe5+ 68. fxe5 Kd7 69. Ke4 Rb7 70. Kf5 Rc7 71. e6+ Kd6 72. Rd4+ Ke7 73. Ke5 Ra7 74. Rc4 Ra5+ 75. Kf4 Kxe6 76. Rxc6+ Kf7 77. Rc7+ Kf6 78. Rc6+ Kf7 79. Rc4 1/2-1/2

[Event "8th Mersin Open 2024"]
[Site "Mersin"]
[Date "2024.11.12"]
[Round "4"]
[White "Baradaran Tamadon, Arian"]
[Black "Topuz, Mirac Melih"]
[Result "1-0"]
[ECO "B56"]
[WhiteElo "2323"]
[BlackElo "2097"]
[Annotator "RC"]
[PlyCount "88"]
[EventDate "2024.11.10"]
[EventType "swiss"]
[EventCountry "TUR"]
[SourceTitle "playchess.com"]
[Source "ChessBase"]
[SourceQuality "1"]
[TimeControl "5400+30"]

1. e4 c5 2. Nf3 d6 3. d4 cxd4 4. Nxd4 Nf6 5. Nc3 Nc6 6. Bb5 Bd7 7. Be3 a6 8. Be2 e6 9. Nb3 b5 10. a3 Be7 11. f4 O-O 12. Bf3 Rb8 13. g4 d5 14. exd5 Nxd5 15. Nxd5 Bh4+ 16. Kf1 exd5 17. Qd2 Qf6 18. Nd4 Rfe8 19. Nxc6 Bxc6 20. Bd4 Qh6 21. Rg1 b4 22. g5 Qe6 23. a4 b3 24. Rg4 bxc2 25. Rxh4 Rb3 26. Kf2 Bxa4 27. Rc1 Bb5 28. Bc3 d4 29. Qxd4 Rxc3 30. bxc3 Be2 31. Rxc2 Bxf3 32. Kxf3 Qe1 33. Rg4 Qb1 34. Rgg2 Qf1+ 35. Rcf2 Qb1 36. Re2 Qf1+ 37. Qf2 Qd1 38. Kg3 Rc8 39. Re3 h5 40. Qe2 Qd7 41. Qxh5 Rb8 42. g6 fxg6 43. Qxg6 Qd1 44. Re7 Qd3+ 1-0

[Event "8th Mersin Open 2024"]
[Site "Mersin"]
[Date "2024.11.12"]
[Round "4"]
[White "Gurbanov, Ismayil"]
[Black "Schekachikhin, Maksim"]
[Result "0-1"]
[ECO "C07"]
[WhiteElo "2261"]
[BlackElo "2353"]
[Annotator "RC"]
[PlyCount "48"]
[EventDate "2024.11.10"]
[EventType "swiss"]
[EventCountry "TUR"]
[SourceTitle "playchess.com"]
[Source "ChessBase"]
[SourceQuality "1"]
[TimeControl "5400+30"]

1. e4 e6 2. d4 d5 3. Nd2 c5 4. Ngf3 cxd4 5. exd5 Qxd5 6. Bc4 Qd7 7. O-O Nc6 8. Nb3 a6 9. Nbxd4 Nxd4 10. Nxd4 Bc5 11. Be3 Qc7 12. Re1 Nf6 13. Nf5 O-O 14. Nxg7 Bxe3 15. Rxe3 Kxg7 16. Qd4 Rd8 17. Qc3 Qe7 18. Qe5 b5 19. Bb3 Bb7 20. c3 Rac8 21. Qg5+ Kh8 22. Rh3 Rg8 23. Rxh7+ Kxh7 24. Bc2+ Rg6 0-1

[Event "8th Mersin Open 2024"]
[Site "Mersin"]
[Date "2024.11.12"]
[Round "4"]
[White "Sanz Wawer, Daniel"]
[Black "Ebrahimi Herab, Hamidreza"]
[Result "0-1"]
[ECO "B94"]
[WhiteElo "2254"]
[BlackElo "2386"]
[Annotator "RC"]
[PlyCount "92"]
[EventDate "2024.11.10"]
[EventType "swiss"]
[EventCountry "TUR"]
[SourceTitle "playchess.com"]
[Source "ChessBase"]
[SourceQuality "1"]
[TimeControl "5400+30"]

1. e4 c5 2. Nf3 d6 3. d4 cxd4 4. Nxd4 Nf6 5. Nc3 a6 6. Bg5 Nbd7 7. a4 e6 8. Qf3 Be7 9. Be2 Qc7 10. O-O O-O 11. Qg3 Kh8 12. Rad1 h6 13. Be3 Nc5 14. Bd3 e5 15. Nf5 Bxf5 16. exf5 d5 17. Be2 Nce4 18. Nxe4 dxe4 19. c3 Rad8 20. Rxd8 Rxd8 21. Bd1 Nd5 22. Bb3 Nf4 23. Kh1 Bg5 24. Qg4 Bf6 25. Rd1 Rd6 26. Rxd6 Qxd6 27. Qd1 Qxd1+ 28. Bxd1 Nd3 29. b4 Bg5 30. Kg1 Bxe3 31. fxe3 a5 32. Bb3 axb4 33. cxb4 Nxb4 34. Bxf7 b6 35. Kf1 Nd3 36. Ke2 Nc5 37. Kd2 Nxa4 38. Kc2 Nc5 39. Kc3 Nb7 40. g4 Nd6 41. Bd5 h5 42. h3 Kh7 43. g5 Nxf5 44. Bxe4 g6 45. Kb4 Nxe3 46. Kb5 Nd1 0-1

[Event "8th Mersin Open 2024"]
[Site "Mersin"]
[Date "2024.11.12"]
[Round "4"]
[White "Dogan, Nazmi Can"]
[Black "Uzdemir, Ali Poyraz"]
[Result "1-0"]
[ECO "B62"]
[WhiteElo "2218"]
[BlackElo "2081"]
[Annotator "RC"]
[PlyCount "151"]
[EventDate "2024.11.10"]
[EventType "swiss"]
[EventCountry "TUR"]
[SourceTitle "playchess.com"]
[Source "ChessBase"]
[SourceQuality "1"]
[TimeControl "5400+30"]

1. e4 c5 2. Nf3 d6 3. d4 cxd4 4. Nxd4 Nf6 5. Nc3 Nc6 6. Bg5 e6 7. Bb5 Bd7 8. Qd3 Be7 9. Bxc6 bxc6 10. O-O-O O-O 11. Nb3 d5 12. e5 Ng4 13. Bxe7 Qxe7 14. Qd4 Nh6 15. f4 f6 16. Rde1 fxe5 17. Rxe5 Nf5 18. Qc5 Qh4 19. Ne2 Ne7 20. g3 Qf6 21. Qd4 Ng6 22. Re3 Rf7 23. Re1 Re7 24. Nc5 Rae8 25. Nxd7 Rxd7 26. Qxf6 gxf6 27. Nd4 e5 28. fxe5 fxe5 29. Nxc6 e4 30. Rd1 Re6 31. Nd4 Rf6 32. Re2 Ne5 33. b3 a6 34. Red2 Ng4 35. Re1 Rdf7 36. Rde2 h5 37. h3 Ne5 38. Rg2 Kh7 39. g4 hxg4 40. hxg4 Rf2 41. Re2 Rxe2 42. Nxe2 Kg6 43. Nc3 Rd7 44. Rd2 Kg5 45. Nxd5 Nf3 46. Rd1 Kh4 47. Ne3 Rc7 48. Rd6 Kg3 49. Re6 Ng5 50. Rg6 Nf3 51. Re6 Ng5 52. Rf6 Nf3 53. Rxa6 Kf2 54. Nd1+ Ke2 55. Re6 Rxc2+ 56. Kxc2 Nd4+ 57. Kc3 Nxe6 58. Nb2 Kf3 59. Nc4 Kxg4 60. a4 Kf5 61. a5 e3 62. Nxe3+ Ke5 63. Kc4 Kd6 64. b4 Kc6 65. b5+ Kb7 66. Nf5 Kc7 67. Nd4 Nf8 68. b6+ Kc8 69. Kb5 Nd7 70. Ka6 Kb8 71. Nc6+ Kc8 72. Ka7 Nc5 73. Ne7+ Kd7 74. b7 Nxb7 75. Kxb7 Kxe7 76. a6 1-0

[Event "8th Mersin Open 2024"]
[Site "Mersin"]
[Date "2024.11.12"]
[Round "4"]
[White "Yildiz, Serdar Murat"]
[Black "Tirpan, Ceren"]
[Result "1-0"]
[ECO "B41"]
[WhiteElo "2201"]
[BlackElo "2053"]
[Annotator "RC"]
[PlyCount "75"]
[EventDate "2024.11.10"]
[EventType "swiss"]
[EventCountry "TUR"]
[SourceTitle "playchess.com"]
[Source "ChessBase"]
[SourceQuality "1"]
[TimeControl "5400+30"]

1. e4 c5 2. Nf3 e6 3. d4 cxd4 4. Nxd4 a6 5. c4 Nf6 6. Nc3 Bb4 7. Qd3 O-O 8. e5 Ne8 9. a3 Bxc3+ 10. Qxc3 d6 11. b4 dxe5 12. Nb3 Nc6 13. Bb2 Qh4 14. Be2 Nd6 15. O-O Nf5 16. Rae1 Ncd4 17. Bd1 f6 18. a4 Rd8 19. Bc1 Nxb3 20. Bxb3 Qd4 21. Qc2 Qb6 22. Qc3 Qd4 23. Qh3 Qd3 24. Rd1 e4 25. Bc2 Qd4 26. Rxd4 Rxd4 27. Rd1 e5 28. Qc3 Be6 29. Rxd4 exd4 30. Qe1 Re8 31. Qxe4 Bf7 32. Qxe8+ Bxe8 33. Bxf5 Bxa4 34. Bb2 Bb3 35. Bd3 Kf7 36. Bxd4 Ke7 37. Kf1 Kd6 38. Ke1 1-0

[Event "8th Mersin Open 2024"]
[Site "Mersin"]
[Date "2024.11.12"]
[Round "4"]
[White "Zerey, Demhat"]
[Black "Mammadova, Gulnar"]
[Result "1/2-1/2"]
[ECO "D02"]
[WhiteElo "2194"]
[BlackElo "2328"]
[Annotator "RC"]
[PlyCount "149"]
[EventDate "2024.11.10"]
[EventType "swiss"]
[EventCountry "TUR"]
[SourceTitle "playchess.com"]
[Source "ChessBase"]
[SourceQuality "1"]
[TimeControl "5400+30"]

1. d4 Nf6 2. Bf4 e6 3. e3 d5 4. Nf3 c5 5. Nbd2 Nc6 6. c3 Be7 7. Bd3 Nh5 8. Bg3 cxd4 9. exd4 Nxg3 10. hxg3 h6 11. O-O a5 12. a4 O-O 13. Re1 Bd7 14. Bb5 Bd6 15. Qe2 Qc7 16. Rac1 Rae8 17. Nb3 Qb6 18. c4 dxc4 19. Nbd2 Bb4 20. Nxc4 Qa7 21. Red1 Rd8 22. g4 Be7 23. Ne3 Bf6 24. d5 Nd4 25. Nxd4 Bxd4 26. Bxd7 Rxd7 27. dxe6 fxe6 28. Qc4 Qb6 29. Rc2 Rdd8 30. Re1 Kh8 31. g3 Rd6 32. Qe2 Qb4 33. g5 hxg5 34. Kg2 Bxe3 35. Rh1+ Kg8 36. Qxe3 Qxa4 37. Rc5 g4 38. Rc7 Qb5 39. Qe4 Rxf2+ 40. Kxf2 Qxb2+ 41. Rc2 Rd2+ 42. Rxd2 Qxd2+ 43. Qe2 Qd4+ 44. Kg2 Qd5+ 45. Kh2 Qh5+ 46. Kg1 Qc5+ 47. Qf2 Qd5 48. Qc2 Qe5 49. Qh7+ Kf8 50. Qh8+ Ke7 51. Qh4+ g5 52. Qh7+ Kd6 53. Qd3+ Kc7 54. Rh7+ Kb8 55. Rf7 a4 56. Rf2 Qc5 57. Kg2 Ka7 58. Ra2 b5 59. Kf1 Kb6 60. Ke2 Ka5 61. Qd8+ Ka6 62. Rd2 Qe5+ 63. Kf2 Qf5+ 64. Kg1 b4 65. Qb8 Qb1+ 66. Kh2 Qh7+ 67. Kg1 Qb1+ 68. Kf2 Qf5+ 69. Ke1 Qb1+ 70. Ke2 Qe4+ 71. Kf1 Qb1+ 72. Kf2 Qf5+ 73. Ke1 Qb1+ 74. Kf2 Qf5+ 75. Ke1 1/2-1/2

[Event "8th Mersin Open 2024"]
[Site "Mersin"]
[Date "2024.11.12"]
[Round "4"]
[White "Atis, Hasan"]
[Black "Mahdavi, Armin"]
[Result "1-0"]
[ECO "C88"]
[WhiteElo "2167"]
[BlackElo "2038"]
[Annotator "RC"]
[PlyCount "119"]
[EventDate "2024.11.10"]
[EventType "swiss"]
[EventCountry "TUR"]
[SourceTitle "playchess.com"]
[Source "ChessBase"]
[SourceQuality "1"]
[TimeControl "5400+30"]

1. e4 e5 2. Nf3 Nc6 3. Bb5 a6 4. Ba4 Nf6 5. O-O Be7 6. Re1 b5 7. Bb3 O-O 8. h3 Bb7 9. d3 d6 10. a4 Na5 11. Ba2 c5 12. Nc3 b4 13. Ne2 b3 14. Bxb3 Nxb3 15. cxb3 Nd7 16. Nd2 f5 17. Nc4 f4 18. f3 Nb8 19. a5 Nc6 20. Bd2 Kh8 21. Nb6 Rb8 22. b4 Nxb4 23. Bxb4 cxb4 24. Qa4 Bc8 25. Rec1 Be6 26. Qxb4 Bh4 27. Kf1 Rf6 28. Rc6 Bg8 29. Rac1 Rg6 30. Ng1 Qg5 31. Qd2 h6 32. b4 Qe7 33. Rc7 Qe8 34. Rc8 Rxc8 35. Rxc8 Qb5 36. Qc3 Kh7 37. Rxg8 Kxg8 38. Qc4+ Qxc4 39. dxc4 Bd8 40. Nd5 Re6 41. Ne2 Kf7 42. Nc1 Ke8 43. b5 Bxa5 44. Nb3 Bb6 45. Nxb6 Re7 46. Nd5 Rb7 47. Na5 Rb8 48. Nc6 Rb7 49. Na5 Rb8 50. bxa6 Rb1+ 51. Ke2 Ra1 52. a7 Rxa5 53. a8=Q+ Rxa8 54. Nc7+ Kd7 55. Nxa8 Kc6 56. Kd3 Kb7 57. c5 dxc5 58. Kc4 Kxa8 59. Kxc5 g5 60. Kd5 1-0

[Event "8th Mersin Open 2024"]
[Site "Mersin"]
[Date "2024.11.12"]
[Round "4"]
[White "Biriya, Mohammadamin"]
[Black "Celebi, Mehmet Alper"]
[Result "1-0"]
[ECO "E01"]
[WhiteElo "2139"]
[BlackElo "2014"]
[Annotator "NA RC"]
[PlyCount "70"]
[EventDate "2024.11.10"]
[EventType "swiss"]
[EventCountry "TUR"]
[SourceTitle "playchess.com"]
[Source "ChessBase"]
[SourceQuality "1"]
[TimeControl "5400+30"]

1. d4 d5 2. c4 c6 3. Nf3 Nf6 4. g3 a6 5. Bg2 e6 6. Qc2 Nbd7 7. Nbd2 Bd6 8. O-O $14 O-O 9. e4 dxe4 10. Nxe4 Nxe4 11. Qxe4 c5 12. Rd1 Nf6 13. Qe2 cxd4 14. Nxd4 e5 15. Nc2 Bg4 16. Bf3 Bxf3 17. Qxf3 Qc7 18. Bg5 Ne8 19. Ne3 f6 20. Nd5 Qxc4 21. Nb6 Qb4 22. Be3 e4 23. Qf5 Rd8 24. a3 Qxb2 25. Nc4 Qb3 26. Bb6 Nc7 27. Rdc1 Rde8 28. Nxd6 Qxb6 29. Nxe8 Nxe8 30. Qxe4 Nc7 31. Qc4+ Ne6 32. Re1 Re8 33. Rab1 Qd6 34. Rxb7 h5 35. Ra7 Re7 1-0

[Event "8th Mersin Open 2024"]
[Site "Mersin"]
[Date "2024.11.12"]
[Round "4"]
[White "Hasirci, Ozgur Deniz"]
[Black "Anacak, Hasan Gunes"]
[Result "1-0"]
[ECO "B22"]
[WhiteElo "2128"]
[BlackElo "2008"]
[Annotator "NA RC"]
[PlyCount "81"]
[EventDate "2024.11.10"]
[EventType "swiss"]
[EventCountry "TUR"]
[SourceTitle "playchess.com"]
[Source "ChessBase"]
[SourceQuality "1"]
[TimeControl "5400+30"]

1. e4 c5 2. c3 Nf6 3. e5 Nd5 4. d4 cxd4 5. Bc4 Nb6 6. Bb3 Nc6 7. Nf3 $11 d6 8. a4 dxe5 9. a5 Nd5 10. Nxe5 Nxe5 11. Qxd4 Qd6 12. Qxd5 Qxd5 13. Bxd5 Nd3+ 14. Ke2 Nxc1+ 15. Rxc1 Rb8 16. Na3 Bd7 17. Kf1 e6 18. Bf3 Bxa3 19. Rxa3 Bc6 20. Be2 Ke7 21. b4 Rhd8 22. b5 Be4 23. c4 Rd2 24. f3 Bf5 25. c5 e5 26. a6 b6 27. cxb6 Rxb6 28. Rac3 Rb8 29. Rc5 f6 30. f4 Be4 31. fxe5 Bxg2+ 32. Ke1 Rd5 33. Rxd5 Bxd5 34. Rc7+ Ke6 35. exf6 Kxf6 36. Rxa7 Ke5 37. Rxg7 Kd4 38. a7 Re8 39. b6 Bf3 40. Kf2 Bxe2 41. b7 1-0

[Event "8th Mersin Open 2024"]
[Site "Mersin"]
[Date "2024.11.12"]
[Round "4"]
[White "Sahin, Ata Sarp"]
[Black "Tezcan, Alper"]
[Result "1/2-1/2"]
[ECO "C01"]
[WhiteElo "2109"]
[BlackElo "2002"]
[Annotator "NA RC"]
[PlyCount "100"]
[EventDate "2024.11.10"]
[EventType "swiss"]
[EventCountry "TUR"]
[SourceTitle "playchess.com"]
[Source "ChessBase"]
[SourceQuality "1"]
[TimeControl "5400+30"]

1. e4 e6 2. d4 d5 3. Nc3 Bb4 4. exd5 exd5 5. Bd3 Nf6 6. Nge2 O-O 7. a3 Bd6 8. Nb5 Be7 9. O-O $11 Re8 10. Bf4 Na6 11. c4 c6 12. Nbc3 dxc4 13. Bxc4 Nc7 14. Qb3 Ncd5 15. Be5 Qb6 16. Nxd5 Nxd5 17. Bxd5 cxd5 18. Qxb6 axb6 19. Nc3 Be6 20. Rac1 Rec8 21. f4 f6 22. f5 Bf7 23. Bf4 Rc4 24. Nb5 Rac8 25. Rce1 Bf8 26. Rf3 Be8 27. Nc7 Bh5 28. Rh3 Bg4 29. Rg3 Bxf5 30. Nxd5 Rxd4 31. Nxf6+ Kf7 32. Be3 Rd3 33. Nh5 g6 34. Nf4 Rb3 35. Re2 Bg7 36. Nd5 Re8 37. Kf2 Bxb2 38. Nxb6 Rexe3 39. Rgxe3 Bd4 40. Nc4 Kf6 41. Kf3 Bxe3 42. Rxe3 Rb1 43. Nd6 Bd7 44. Ne4+ Kg7 45. Kf2 Bc6 46. Re2 Ra1 47. Nc5 Kf6 48. Rb2 Rxa3 49. Nxb7 Bxb7 50. Rxb7 Ra2+ 1/2-1/2

[Event "8th Mersin Open 2024"]
[Site "Mersin"]
[Date "2024.11.12"]
[Round "4"]
[White "Ererdem, Gani Eren"]
[Black "Karabulut, Etka"]
[Result "0-1"]
[ECO "E03"]
[WhiteElo "2066"]
[BlackElo "2024"]
[Annotator "NA RC"]
[PlyCount "118"]
[EventDate "2024.11.10"]
[EventType "swiss"]
[EventCountry "TUR"]
[SourceTitle "playchess.com"]
[Source "ChessBase"]
[SourceQuality "1"]
[TimeControl "5400+30"]

1. d4 d5 2. c4 dxc4 3. Nf3 Nf6 4. Qa4+ Nbd7 5. Qxc4 e6 $11 6. g3 a6 7. Bg2 b5 8. Qb3 Bb7 9. O-O c5 10. a4 c4 11. Qc2 Be7 12. axb5 axb5 13. Rxa8 Qxa8 14. Nc3 Bc6 15. Nh4 Bxg2 16. Nxg2 Qb7 17. Bg5 O-O 18. Ne3 Rc8 19. Rd1 b4 20. Nb1 Nb6 21. Nd2 c3 22. bxc3 Rxc3 23. Qb1 Na4 24. Bxf6 Bxf6 25. Ne4 Be7 26. d5 b3 27. d6 Bd8 28. Nxc3 Nxc3 29. Qb2 Nxd1 30. Nxd1 Bf6 31. d7 Qb8 32. Qd2 Kf8 33. Nb2 Ke7 34. Nc4 Kd8 35. Na5 Qb6 36. Nc4 b2 37. Nxb6 b1=Q+ 38. Kg2 Qxb6 39. Qc2 Kxd7 40. Qxh7 Ke7 41. Qc2 Kf8 42. h4 e5 43. Qc8+ Qd8 44. Qc5+ Kg8 45. e4 Qa8 46. Qc4 Qd8 47. Qc6 Be7 48. Qb7 Bc5 49. Qc6 Bd4 50. f3 Qb8 51. Kh3 g6 52. Qd7 Qb3 53. Kg4 Qe6+ 54. Qxe6 fxe6 55. h5 Kg7 56. f4 Bf2 57. hxg6 Kxg6 58. Kf3 Be1 59. Kg4 Kh6 0-1